 Dungeon Crawl Stone Soup version 0.18-a0-1203-gbde16db (webtiles) character file.

4286 Ijustatesigmund the Basher (level 10, -1/82 HPs)
             Began as a Demonspawn Fighter on Feb 1, 2016.
             Was a Priest of Okawaru.
             Slain by an ice beast (10 damage)
             ... on level 9 of the Dungeon.
             The game lasted 00:19:08 (7330 turns).

Ijustatesigmund the Basher (Demonspawn Fighter)     Turns: 7330, Time: 00:19:08

Health: -1/82      AC: 16    Str: 22    XL:     10   Next: 10%
Magic:  0/16       EV: 11    Int:  9    God:    Okawaru [***...]
Gold:   356        SH:  9    Dex: 16    Spells: 0 memorised, 9 levels left

rFire  . . .     SeeInvis .     J - +0 morningstar
rCold  . . .     Gourm    .     C - +0 chain mail
rNeg   . . .     Faith    .     c - +0 shield
rPois  .         Spirit   +     (helmet restricted)
rElec  .         Dismiss  .     j - +0 cloak
rCorr  .         Reflect  .     (no gloves)
SustAt .         Harm     .     (no boots)
MR     .....                    l - amulet of rage
Stlth  ..........               y - ring of stealth
                                g - +6 ring of evasion

@: mighty, not resistant to hostile enchantments, extremely unstealthy
A: antennae 2, iridescent scales 2, powered by death 1, magic shield, magic
regeneration
a: Heroism, Renounce Religion, Evoke Berserk Rage


You were on level 9 of the Dungeon.
You worshipped Okawaru.
Okawaru was most pleased with you.
You were not hungry.

You visited 1 branch of the dungeon, and saw 9 of its levels.
You also visited: Sewer.

You collected 356 gold pieces.

Inventory:

Hand Weapons
 J - a +0 morningstar (weapon)
Armour
 c - a +0 shield (worn)
 j - a +0 cloak (worn)
 C - a +0 chain mail (worn)
Jewellery
 g - a +6 ring of evasion (left hand)
 l - an amulet of rage (around neck)
 r - an uncursed amulet of guardian spirit
 x - a +3 ring of dexterity
 y - a ring of stealth (right hand)
Wands
 o - a wand of confusion (4/48)
 z - a wand of slowing (15/48)
 E - a wand of paralysis (10/24)
Scrolls
 e - 5 scrolls of remove curse
 h - 2 scrolls of immolation
 k - 4 scrolls of amnesia
 q - 8 scrolls of teleportation
 s - 2 scrolls of magic mapping
 t - 2 scrolls of recharging
 u - a scroll of fear
Potions
 a - 2 potions of agility
 b - 2 potions of ambrosia {unknown}
 d - a potion of might
 i - 3 potions of flight
 n - a potion of brilliance
 p - 8 potions of curing
 v - a potion of cancellation
 w - 2 potions of magic
 A - a potion of lignification
 I - a potion of invisibility
Books
 m - a book of the Earth

   Spells                             Type                      Level
   a - Leda's Liquefaction            Hexes/Earth                  4
   b - Bolt of Magma                  Conjuration/Fire/Earth       5
   c - Statue Form                    Transmutation/Earth          6
   d - Iron Shot                      Conjuration/Earth            6
   e - Shatter                        Earth                        9
 D - a book of Death

   Spells                             Type                      Level
   a - Corpse Rot                     Necromancy                   2
   b - Sublimation of Blood           Necromancy                   2
   c - Agony                          Necromancy                   5
   d - Dispel Undead                  Necromancy                   5
   e - Excruciating Wounds            Charms/Necromancy            5
   f - Bolt of Draining               Conjuration/Necromancy       5
 H - a book of Debilitation

   Spells                             Type                      Level
   a - Corona                         Hexes                        1
   b - Slow                           Hexes                        2
   c - Gell's Gravitas                Hexes/Translocation          3
   d - Inner Flame                    Hexes/Fire                   3
   e - Cause Fear                     Hexes                        4
   f - Leda's Liquefaction            Hexes/Earth                  4
Comestibles
 f - 6 bread rations
 B - 3 meat rations
 F - 5 beef jerkies


   Skills:
 + Level 8.9 Fighting
 + Level 9.5 Maces & Flails
 - Level 2.6 Armour
 - Level 2.6 Shields
 + Level 8.5 Invocations


You had 9 spell levels left.
You didn't know any spells.

Dungeon Overview and Level Annotations

Branches:
Dungeon (9/15)             Temple (0/1) D:5
   Lair: D:8-11         Orc: D:9-12

Altars:
Ashenzari
Dithmenos
Fedhas
Makhleb
Okawaru
Qazlal
Xom
Yredelemnul
Zin


Innate Abilities, Weirdness & Mutations

You have a pair of antennae on your head.
You are mostly covered in iridescent scales (AC +6).
You regenerate a little health from kills.
When hurt, damage is shared between your health and your magic reserves.
You regenerate magic rapidly.


Message History

You feel very mighty all of a sudden.
Erolcha hits you with an enchanted giant spiked club!
* * * LOW HITPOINT WARNING * * *
You block the ice beast's attack.
You puncture Erolcha!
Erolcha is almost dead.
You block Erolcha's attack. The ice beast hits you.
* * * LOW HITPOINT WARNING * * *
The ice beast freezes you!
* * * LOW HITPOINT WARNING * * *
You sock Erolcha!
You kill Erolcha!
Okawaru is honoured by your kill.
You have reached level 10!
Your demonic ancestry asserts itself...
You feel your magic shroud grow more resilient.
The ice beast hits you.
* * * LOW HITPOINT WARNING * * *
The ice beast freezes you!
You die...

..........# ........#
..........#.........#
..........#.........#
#...##....#.........#
######....+........)#
..........#.........#
....#######.........#
....# ......Y....#
#'###.# .......@...#
......#
......<)...#+####
.###..#
.................. .#
.# ............###...
.# .. ........:...#
.# ..............#
... ..............
### ##############


You could see an ice beast.

Vanquished Creatures
  Erolcha (D:9)
  Pikel (D:4)
  Sigmund (D:5)
  A sky beast (D:8)
  3 ice beasts
  An orc warrior (D:8)
  A black bear (D:6)
  A phantom (D:4)
  6 ogres
  A centaur (D:6)
  2 necrophages (D:6)
  3 big kobolds
  4 giant frogs
  A wyvern skeleton (D:7)
  3 scorpions
  A water moccasin skeleton (D:6)
  5 killer bees (D:7)
  4 hounds
  A giant frog skeleton (D:9)
  An orc priest (D:6)
  A gnoll shaman (D:9)
  A centaur skeleton (D:7)
  Terence (D:2)
  3 orc wizards
  2 worker ants
  3 hound skeletons
  A worker ant zombie (D:8)
  11 adders
  4 gnolls (D:9)
  A river rat (Sewer)
  2 shadow imps
  3 oozes (Sewer)
  8 worms
  6 giant geckos
  12 orcs
  4 bats
  3 giant cockroaches
  8 goblins
  8 hobgoblins
  2 jackals (D:5)
  3 quokkas
  3 ball pythons
  A ball python skeleton (D:4)
  A giant gecko skeleton (D:6)
  A giant gecko zombie (D:8)
  A giant newt (D:3)
  A jackal skeleton (D:8)
  14 kobolds
  A quokka zombie (D:5)
  11 rats
163 creatures vanquished.

Vanquished Creatures (others)
  An orc (D:4)
1 creature vanquished.

Grand Total: 164 creatures vanquished

Notes
Turn   | Place    | Note
--------------------------------------------------------------
     0 | D:1      | Ijustatesigmund the Demonspawn Fighter began the quest for the Orb.
     0 | D:1      | Reached XP level 1. HP: 18/18 MP: 1/1
   251 | D:1      | Gained mutation: You regenerate a little health from kills. [demonic ancestry]
   251 | D:1      | Reached XP level 2. HP: 24/24 MP: 2/2
   884 | D:2      | Gained mutation: You have a pair of small antennae on your head. [demonic ancestry]
   884 | D:2      | Reached XP level 3. HP: 29/29 MP: 3/3
  1017 | D:2      | Noticed Terence
  1039 | D:2      | Killed Terence
  1039 | D:2      | Reached XP level 4. HP: 22/37 MP: 4/4
  1086 | D:3      | Noticed an ogre
  1094 | D:3      | Killed an ogre
  1094 | D:3      | Reached skill level 4 in Fighting
  1094 | D:3      | Reached XP level 5. HP: 42/42 MP: 5/5
  1121 | D:3      | Found a shimmering altar of Xom.
  1223 | D:3      | Found a glowing drain.
  1246 | Sewer    | Entered a sewer
  1518 | Sewer    | Reached skill level 5 in Maces & Flails
  1518 | Sewer    | Gained mutation: You are partially covered in iridescent scales (AC +4). [demonic ancestry]
  1518 | Sewer    | Reached XP level 6. HP: 31/49 MP: 6/6
  2523 | D:4      | Found a glowing silver altar of Zin.
  2528 | D:4      | Found a shadowy altar of Dithmenos.
  2643 | D:4      | Found a basalt altar of Yredelemnul.
  2643 | D:4      | Found an iron altar of Okawaru.
  2644 | D:4      | Found a burning altar of Makhleb.
  3048 | D:4      | Reached skill level 5 in Fighting
  3048 | D:4      | Reached skill level 6 in Maces & Flails
  3048 | D:4      | Gained mutation: When hurt, damage is shared between your health and your magic reserves. [demonic ancestry]
  3048 | D:4      | Reached XP level 7. HP: 51/56 MP: 7/7
  3119 | D:4      | Noticed Pikel
  3142 | D:4      | Killed Pikel
  3142 | D:4      | Reached skill level 7 in Maces & Flails
  3142 | D:4      | Gained mutation: You have a pair of antennae on your head. [demonic ancestry]
  3142 | D:4      | Reached XP level 8. HP: 20/64 MP: 5/8
  3430 | D:4      | Found a blossoming altar of Fedhas.
  3457 | D:4      | Became a worshipper of Warmaster Okawaru
  3543 | D:5      | Entered Level 5 of the Dungeon
  3596 | D:5      | Noticed Sigmund
  3609 | D:5      | Killed Sigmund
  3609 | D:5      | Reached skill level 1 in Invocations
  3852 | D:5      | Reached * piety under Okawaru
  3957 | D:5      | Found a staircase to the Ecumenical Temple.
  3971 | D:5      | Reached skill level 8 in Maces & Flails
  4295 | D:6      | Reached skill level 5 in Invocations
  4300 | D:6      | Gained mutation: You are mostly covered in iridescent scales (AC +6). [demonic ancestry]
  4300 | D:6      | Reached XP level 9. HP: 72/72 MP: 12/12
  4336 | D:6      | Found a stormy altar of Qazlal.
  4604 | D:6      | Reached ** piety under Okawaru
  5094 | D:7      | Found a shattered altar of Ashenzari.
  5374 | D:7      | You fall through a shaft!
  5494 | D:7      | Reached skill level 9 in Maces & Flails
  7314 | D:9      | Noticed Erolcha
  7330 | D:9      | Killed Erolcha
  7330 | D:9      | Reached *** piety under Okawaru
  7330 | D:9      | Gained mutation: You regenerate magic rapidly. [demonic ancestry]
  7330 | D:9      | Reached XP level 10. HP: 10/82 MP: 1/16
  7330 | D:9      | Slain by an ice beast

Vault maps used:
D:1:      scummos_arrival_hexagon
D:2:      grunt_ministairs_9, minmay_fountain_box, uniq_terence
D:3:      portal_sewer_entry_d, first_bread, xom_teletrap_fun
D:4:      nicolae_overflow_quartered_altars, grunt_temple_overflow_open,
          kennysheep_generic_room_11, uniq_pikel
D:5:      minmay_temple_entry_purple_smoke, hangedman_decor_peaks_small,
          uniq_sigmund
D:6:      marbit_many_paths
D:7:      grunt_ogre_cave, minmay_item_behind_shaft, evilmike_ruin_ashenzari
D:8:      st_stairs_2, lightli_minifort
D:9:      uniq_erolcha
Sewer:    sewer_co_15_rooms

Action                   |  1- 3 |  4- 6 |  7- 9 | 10-12 || total
-------------------------+-------+-------+-------+-------++-------
Melee: Flail             |   114 |   226 |   436 |       ||   776
       Morningstar       |       |       |    57 |       ||    57
 Abil: Evoke Berserk Rag |       |     1 |     4 |       ||     5
  Use: Scroll            |     5 |     7 |     8 |       ||    20
       Potion            |       |     1 |     3 |       ||     4
  Eat: Chunk             |       |     3 |    10 |       ||    13
       Royal jelly       |       |     1 |       |       ||     1
       Bread ration      |       |     1 |       |       ||     1
       Beef jerky        |       |       |     3 |       ||     3
       Pizza             |       |       |     1 |       ||     1
